 Dungeon Crawl Stone Soup version 0.26-a0-639-g72c4674329 (webtiles) character file.

Game seed: 14157481778111678563

51 Kaptain the Digger (level 3, -1/22 HPs)
             Began as an Octopode Earth Elementalist on Sept 20, 2020.
             Slain by a gnoll
             ... wielding a +0 spear
              (11 damage)
             ... on level 2 of the Dungeon.
             The game lasted 00:04:48 (1299 turns).

Kaptain the Digger (Octopode Earth Elementalist)    Turns: 1299, Time: 00:04:49

Health: -1/22      AC:  1    Str:  7    XL:     3   Next: 81%
Magic:  1/6        EV: 13    Int: 18    God:
Gold:   68         SH:  0    Dex: 12    Spells: 6/7 levels left

rFire    . . .     SeeInvis .   h - +0 dagger
rCold    . . .     Faith    .   (no shield)
rNeg     . . .     Spirit   .   (helmet restricted)
rPois    .         Reflect  .   (no amulet)
rElec    .         Harm     .   (no ring)
rCorr    .         Rampage  .   (no ring)
MR       .....                  (no ring)
Stlth    +++.......             (no ring)
HPRegen  0.07/turn              (no ring)
MPRegen  0.10/turn              (no ring)
                                (no ring)
                                (no ring)

@: very slightly contaminated
A: almost no armour, stealthy swim, amphibious, 8 rings, constrict 8, camouflage
1, gelatinous body 1
a: no special abilities


You were on level 2 of the Dungeon.
You visited 1 branch of the dungeon, and saw 2 of its levels.

You collected 68 gold pieces.

Inventory:

Hand Weapons
 h - a +0 dagger (weapon)
Missiles
 b - 53 stones (quivered)
Armour
 a - a +0 buckler
Scrolls
 c - a scroll of fog {unknown}
Potions
 d - 3 potions of curing {unknown}
 e - 2 potions of berserk rage
 f - a potion of mutation {unknown}
 g - a potion of resistance {unknown}
 i - 2 potions of lignification {unknown}
 j - a potion of magic {unknown}


   Skills:
 + Level 0.8 Fighting
 - Level 2.0 Dodging
 + Level 3.2 Stealth
 + Level 0.7 Shields
 * Level 2.6 Spellcasting
   Level 1.0 Transmutations
 * Level 3.6 Earth Magic


You had 6 spell levels left.
You knew the following spells:

 Your Spells              Type           Power        Failure   Level
a - Sandblast             Erth           ###...       3%          1

Your spell library contained the following spells:

 Spells                   Type           Power        Failure   Level
 Passwall                 Tmut/Erth      ##......     10%         2
 Stone Arrow              Conj/Erth      #.....       24%         3
 Petrify                  Tmut/Erth      ##......     54%         4
 Lee's Rapid Deconstruct  Erth           ###.......   71%         5


Dungeon Overview and Level Annotations

Branches:
Dungeon (2/15)

Altars:

Annotations:
D:2 Robin


Innate Abilities, Weirdness & Mutations

You cannot wear most types of armour.
You are very stealthy in the water. (Stealth+)
You are amphibious.
You can wear up to eight rings at the same time.
You can use your tentacles to constrict eight enemies at once.
Your skin changes colour to match your surroundings (Stealth+).
Your rubbery body absorbs attacks. (AC +1, EV +1)


Message History

Confirm with . or Enter, or press ? or * to list all spells.
Aiming: Sandblast (safe; 3% risk of failure)
Press: ? - help, Shift-Dir - straight line, f/p - gnoll
Aim: a gnoll, wielding a +0 whip (severely wounded)
You miscast Sandblast.
You are very lightly contaminated with residual magic.
Nothing appears to happen.
The gnoll hits you with a +0 whip! The gnoll closely misses you.
Casting: Sandblast (safe; 3% risk of failure)
Confirm with . or Enter, or press ? or * to list all spells.
Aiming: Sandblast (safe; 3% risk of failure)
Press: ? - help, Shift-Dir - straight line, f/p - gnoll
Aim: a gnoll, wielding a +0 whip (severely wounded)
The blast of sand hits the gnoll.
The gnoll is severely wounded.
b - 53 stones The gnoll hits you with a +0 whip.
The gnoll hits you from afar with a +0 spear!
Ouch! That really hurt!
You die...

. ##### ...
##...##..#!#
#?..@)g....#
#.....g.#....
#.......# .
#.......#
##.......
#.....#.>
.......#..
#....$.. ###


You could see 2 gnolls.

Vanquished Creatures
  2 gnolls
  A dart slug (D:2)
  A leopard gecko (D:1)
  A giant cockroach (D:1)
  2 goblins
  6 hobgoblins (D:1)
  A quokka (D:2)
  7 bats
  2 frilled lizards
  2 kobolds (D:1)
  3 rats (D:1)
28 creatures vanquished.

Notes
Turn   | Place    | Note
-------+----------+-------------------------------------------
     0 | D:1      | Kaptain the Octopode Earth Elementalist began the quest for
                  | the Orb.
     0 | D:1      | Reached XP level 1. HP: 11/11 MP: 3/3
   320 | D:1      | Reached XP level 2. HP: 17/17 MP: 1/5
   622 | D:1      | Reached XP level 3. HP: 22/22 MP: 6/6
  1164 | D:2      | Noticed Robin
  1299 | D:2      | Slain by a gnoll

Illustrated notes

Levels and vault maps discovered:
D:1:      dpeg_arrival_castle, layout_basic
D:2:      layout_rooms, lemuel_round_altar, item_on_display_a, uniq_robin

Skill      XL: |  1  2 |
---------------+-------+-----
Stealth        | 3 |  3.2
Fighting       | |  0.8
Dodging        | |  2.0
Shields        | |  0.7
Spellcasting   | |  2.6
Transmutations | |  1.0
Earth Magic    | |  3.6

Action                   || total
-------------------------++-------
Melee: Unarmed           ||    10
       Constrict         ||     3
       Tentacles         ||     3
       Dagger            ||     2
 Cast: Sandblast         ||    43
  Use: Scroll            ||     4
 Stab: Sleeping          ||     2
Armor: Skin              ||     4
Dodge: Dodged            ||    35

Table legend: (Time is in decaauts)
 A = Elapsed time spent in this place.
 B = Non-inter-level travel time spent in this place.
 C = Inter-level travel time spent in this place.
 D = Time resting spent in this place.
 E = Time spent auto-exploring this place.
 F = Levels seen in this place.
 G = Mean time per level.
                   A        B        C        D        E       F      G
               +--------+--------+--------+--------+--------+-----+--------+
         Total |   1299 |   1246 |     53 |    361 |    653 |   2 |  649.5 |
       Dungeon |   1299 |   1246 |     53 |    361 |    653 |   2 |  649.5 |
               +--------+--------+--------+--------+--------+-----+--------+

Top non-repeatable levels by time:
     D:1: 1154 daAuts
     D:2: 145 daAuts
